 Dungeon Crawl Stone Soup version 0.26-a0-1213-gd52f5182fe (webtiles) character file.

Game seed: 8798079638112544789

126 sokol815 the Sneak (level 5, 0/34 HPs)
             Began as an Octopode Gladiator on Dec 30, 2020.
             Slain by a goblin (3 damage)
             ... on level 2 of the Dungeon.
             The game lasted 00:04:51 (2367 turns).

sokol815 the Sneak (Octopode Gladiator)             Turns: 2367, Time: 00:04:52

Health: 0/34       AC:  1    Str: 13      XL:     5   Next: 10%
Magic:  5/5        EV: 14    Int: 12      God:
Gold:   116        SH:  0    Dex: 11 (13) Spells: 4/4 levels left

rFire    . . .     SeeInvis .   b - +1 dagger (protect)
rCold    . . .     Faith    .   (no shield)
rNeg     . . .     Spirit   .   n - +0 hat
rPois    .         Reflect  .   (no amulet)
rElec    .         Harm     .   i - ring of stealth {Stlth+}
rCorr    .         Rampage  .   (no ring)
Will     .....                  (no ring)
Stlth    +++++.....             (no ring)
HPRegen  0.11/turn              (no ring)
MPRegen  0.09/turn              (no ring)
                                (no ring)
                                (no ring)

@: no status effects
A: almost no armour, stealthy swim, amphibious, 8 rings, constrict 8, tentacle
spike 1, camouflage 1, sense surroundings 1, gelatinous body 1
a: no special abilities


You were on level 2 of the Dungeon.
You visited 1 branch of the dungeon, and saw 3 of its levels.

You collected 116 gold pieces.

Inventory:

Hand Weapons
 a - a +0 long sword
 b - a +1 dagger of protection (weapon)
   (You took it off a kobold on level 2 of the Dungeon)
Missiles
 c - 3 throwing nets {=f, !d}
 e - 91 stones
 h - 15 poisoned darts
Armour
 n - a +0 hat (worn)
Jewellery
 i - a ring of stealth (left tentacle) {Stlth+}
   (You found it on level 2 of the Dungeon)
Scrolls
 d - a scroll of identify
 f - a scroll of magic mapping {unknown}
 g - a scroll of blinking {!r}
 j - a scroll of teleportation {unknown}
 k - 2 scrolls of amnesia
Potions
 l - a potion of lignification {!q}


   Skills:
 - Level 2.0 Fighting
 + Level 1.5(2.7) Short Blades
 - Level 3.5(3.7) Long Blades
 - Level 2.0 Throwing
 - Level 3.0 Dodging
 * Level 5.4 Stealth


You had 4 spell levels left.
You didn't know any spells.
Your spell library was empty.

Dungeon Overview and Level Annotations

Branches:
Dungeon (3/15)

Altars:
Trog


Innate Abilities, Weirdness & Mutations

You cannot wear most types of armour.
You are very stealthy in the water. (Stealth+)
You are amphibious.
You can wear up to eight rings at the same time.
You can use your tentacles to constrict eight enemies at once.
Your skin changes colour to match your surroundings (Stealth+).
Your rubbery body absorbs attacks. (AC +1, EV +1)
One of your tentacles bears a spike.
You passively map a small area around you.


Message History

You hit the centaur skeleton. The centaur skeleton barely misses you.
You hit the centaur skeleton.
You destroy the centaur skeleton!
You feel your strength returning.
You feel your dexterity returning.
Your Stealth skill increases to level 5!
No target in view!
You see here a mace.
An orc comes into view. It is wielding a +0 club.
Health restored: 29 The helpless orc fails to defend itself.
You impale the orc!!
Your weapon exudes an aura of protection.
You kill the orc!
No target in view!
No target in view!
You see here a +0 club.
An adder comes into view.
No target in view!
No target in view!
An adder is nearby!
The adder bites you.
You take 3 damage, and have 26/29 hp.
You hit the adder.
Your weapon exudes an aura of protection.
You grab the adder.
You pierce the adder, but do no damage.
You constrict the adder. You hit the adder. You constrict the adder.
The adder bites you.
You are poisoned.
The adder poisons you!
You take 2 damage, and have 25/29 hp.
You hit the adder.
You pierce the adder, but do no damage.
You squeeze the adder. You constrict the adder.
You kill the adder!
You feel sick.
You have reached level 5!
You feel clever.
You regained 3 hp, and now have 28/34 hp.
MP restored: 5 You start resting.
You feel sick. x3
You are no longer poisoned.
You take 2 damage, and have 26/34 hp.
You start resting.
A hobgoblin comes into view. It is wielding a +0 club.
You regained 7 hp, and now have 33/34 hp.
A quokka comes into view.
The hobgoblin shouts!
A gnoll comes into view.
A gnoll comes into view. It is wielding a +0 flail.
The gnoll moves out of view.
Found an escape hatch in the ceiling.
A gnoll comes into view. It is wielding a +0 spear.
The gnoll shouts!
The gnoll shouts! x2
You hit the quokka.
Your weapon exudes an aura of protection.
You grab the quokka. You squeeze the quokka.
You kill the quokka!
An adder comes into view.
The hobgoblin hits you but does no damage.
You barely miss the hobgoblin. Your grab misses the hobgoblin.
The hobgoblin closely misses you.
Health restored: 34 You barely miss the hobgoblin.
You grab the hobgoblin. You constrict the hobgoblin. You hit the hobgoblin.
Your weapon exudes an aura of protection.
You constrict the hobgoblin.
You kill the hobgoblin!
No target in view!
No target in view!
As you read the scroll labelled ZUAGRA ZAUZXATHRYI, it crumbles to dust.
It is a scroll of amnesia.
You feel forgetful for a moment.
Blink to where?
As you read the scroll labelled VOURPH SUIRPH, it crumbles to dust.
It was a scroll of blinking.
The gnoll misses you.
The gnoll hits you from afar with a +0 spear.
You take 6 damage, and have 28/34 hp.
You closely miss the gnoll. You grab the gnoll.
You pierce the gnoll.
You constrict the gnoll.
The gnoll struggles to escape constriction.
The gnoll hits you from afar with a +0 spear!
The adder hisses angrily.
You take 10 damage, and have 18/34 hp.
MASSIVE DAMAGE!!
You release your grip on the gnoll.
The gnoll hits you with a +0 flail! The gnoll hits you.
* * * LOW HITPOINT WARNING * * *
You see here a quokka corpse.
You take 13 damage, and have 6/34 hp.
MASSIVE DAMAGE!!
The gnoll misses you.
There is an escape hatch in the ceiling here.
A mysterious force pulls you upwards. The hatch slams shut behind you.
The gnoll hits you.
* * * LOW HITPOINT WARNING * * *
You take 5 damage, and have 2/34 hp.
The goblin hits you.
You die...

............##
#...#.).#....#
#...#.#.#!##.#
<.....#.#.##.####
................######
...#.##...#.....#....#
..#..##.....##)......#
.....###..#..........#
.#........####.g@....#
#..#...##.# #.##....#
.....#.##.# #..#g...#
.#)###.##.## ##......#
##.# #.##.<## ###....#
##.###.###..## #....####
#.<.##.####..#####......#
..)..#..................#
.......######)####......#


You could see a gnoll and a goblin.

Vanquished Creatures
  A centaur skeleton (D:3)
  4 adders
  A worm (D:2)
  A dart slug (D:2)
  An orc (D:3)
  5 bats
  A giant cockroach (D:2)
  6 goblins
  11 hobgoblins
  11 kobolds
  A quokka (D:3)
  6 frilled lizards
  5 rats
54 creatures vanquished.

Notes
Turn   | Place    | Note
-------+----------+-------------------------------------------
     0 | D:1      | sokol815 the Octopode Gladiator began the quest for the
                  | Orb.
     0 | D:1      | Reached XP level 1. HP: 14/14 MP: 1/1
    58 | D:1      | Reached skill level 1 in Stealth
   244 | D:1      | Reached XP level 2. HP: 19/19 MP: 2/2
   273 | D:1      | Reached skill level 2 in Stealth
  1172 | D:2      | Reached skill level 3 in Stealth
  1172 | D:2      | Reached XP level 3. HP: 19/24 MP: 3/3
  1177 | D:2      | HP: 6/24 [poisoned by an adder]
  1187 | D:2      | HP: 6/24 [poisoned by an adder]
  1395 | D:1      | Reached skill level 4 in Stealth
  1470 | D:2      | Reached XP level 4. HP: 29/29 MP: 4/4
  1683 | D:2      | Gained mutation: You are agile. (Dex +2) [potion of
                  | mutation]
  1683 | D:2      | Gained mutation: You passively map a small area around you.
                  | [potion of mutation]
  1683 | D:2      | Lost mutation: You are agile. (Dex +2) [potion of mutation]
  1683 | D:2      | Gained mutation: One of your tentacles bears a spike.
                  | [potion of mutation]
  1755 | D:2      | Found a bloodstained altar of Trog.
  2204 | D:3      | Reached skill level 1 in Short Blades
  2233 | D:3      | Reached skill level 5 in Stealth
  2261 | D:3      | Reached XP level 5. HP: 28/34 MP: 5/5
  2357 | D:3      | HP: 6/34 [gnoll (6)]
  2364 | D:2      | HP: 2/34 [gnoll (5)]
  2367 | D:2      | Slain by a goblin

Illustrated notes

Levels and vault maps discovered:
D:1:      dpeg_arrival_court, layout_loops_ring
D:2:      layout_rooms, trog_hazing_becter
D:3:      layout_loops_cross, zin_statuary,
          nicolae_dithmenos_through_a_glass_darkly

Skill      XL: |  1  2  3  4 |
---------------+-------------+-----
Stealth        | 1 3 4 5 |  5.4
Short Blades   | 1 |  1.5
Fighting       | |  2.0
Long Blades    | |  3.5
Throwing       | |  2.0
Dodging        | |  3.0

Action                   |  1- 3 |  4- 6 || total
-------------------------+-------+-------++-------
Melee: Long sword        |    28 |       ||    28
       Constrict         |    12 |    18 ||    30
       Tentacles         |     8 |    10 ||    18
       Dagger            |    14 |    50 ||    64
       Kick              |       |     9 ||     9
Throw: Stone             |    57 |     3 ||    60
  Use: Potion            |     5 |     1 ||     6
       Scroll            |       |     4 ||     4
 Stab: Sleeping          |     1 |     4 ||     5
Armor: Skin              |     7 |    12 ||    19
Dodge: Dodged            |    36 |    40 ||    76
       Rpst.: Long sword |    11 |       ||    11

Table legend: (Time is in decaauts)
 A = Elapsed time spent in this place.
 B = Non-inter-level travel time spent in this place.
 C = Inter-level travel time spent in this place.
 D = Time resting spent in this place.
 E = Time spent auto-exploring this place.
 F = Levels seen in this place.
 G = Mean time per level.
                   A        B        C        D        E       F      G
               +--------+--------+--------+--------+--------+-----+--------+
         Total |   2349 |   2257 |     92 |    517 |   1377 |   3 |  783.0 |
       Dungeon |   2349 |   2257 |     92 |    517 |   1377 |   3 |  783.0 |
               +--------+--------+--------+--------+--------+-----+--------+

Top non-repeatable levels by time:
     D:1: 1297 daAuts
     D:2: 887 daAuts
     D:3: 164 daAuts

Table legend:
 A = Kills in this place as a percentage of kills in entire the game.
 B = Kills by you in this place as a percentage of kills by you in the entire game.
 C = Kills by friends in this place as a percentage of kills by friends in the entire game.
 D = Other kills in this place as a percentage of other kills in the entire game.
 E = Experience gained in this place as a percentage of experience gained in the entire game.
 F = Experience gained in this place divided by the number of levels of this place that you have seen.
                   A       B       C       D       E      F
               +-------+-------+-------+-------+-------+----------------------
         Total | 100.0 | 100.0 |   N/A |   N/A | 100.0 |  60.3
       Dungeon | 100.0 | 100.0 |   N/A |   N/A | 100.0 |  60.3
               +-------+-------+-------+-------+-------+----------------------
